 Dungeon Crawl Stone Soup version 0.23-a0-650-ga4d50d4 (webtiles) character file.

571 Borgoz the Cutter (level 7, -2/44 HPs)
             Began as a Kobold Berserker on Jan 2, 2019.
             Was a Priest of Trog.
             Slain by a scorpion (5 damage)
             ... on level 5 of the Dungeon.
             The game lasted 00:08:06 (5099 turns).

Borgoz the Cutter (Kobold Berserker)                Turns: 5099, Time: 00:08:07

Health: -2/44      AC:  2    Str: 14    XL:     7   Next: 60%
Magic:  7/7        EV: 17    Int:  9    God:    Trog [***...]
Gold:   198        SH:  0    Dex: 16    Spells: 6/6 levels left

rFire    . . .     SeeInvis .   a - +0 short sword
rCold    . . .     Gourm    .   (shield restricted)
rNeg     . . .     Faith    .   b - +0 animal skin
rPois    .         Spirit   .   (no helmet)
rElec    .         Reflect  .   (no cloak)
rCorr    .         Harm     .   (no gloves)
MR       .....                  (no boots)
Stlth    +++.......             (no amulet)
HPRegen  0.14/turn              (no ring)
MPRegen  0.10/turn              (no ring)

@: lethally poisoned (-2 -> -9)
A: small, carnivore
a: Berserk, Trog's Hand, Renounce Religion


You were on level 5 of the Dungeon.
You worshipped Trog.
Trog was most pleased with you.
You were full.

You visited 1 branch of the dungeon, and saw 5 of its levels.

You collected 198 gold pieces.

Inventory:

Hand Weapons
 a - a +0 short sword (weapon)
 r - a +4 quarterstaff of chaos
Missiles
 g - 5 tomahawks of returning (quivered)
Armour
 b - a +0 animal skin (worn)
Jewellery
 f - a +4 ring of protection {unknown}
 k - an uncursed ring of see invisible {unknown}
 l - an uncursed amulet of regeneration {unknown}
 t - a +4 ring of evasion {unknown}
Wands
 e - a wand of clouds (7)
Scrolls
 d - 3 scrolls of random uselessness {unknown}
 j - 2 scrolls of teleportation {unknown}
 n - 3 scrolls of identify {unknown}
 p - 8 scrolls of remove curse {unknown}
 s - a scroll of amnesia {unknown}
 u - a scroll of noise {unknown}
Potions
 h - 3 potions of heal wounds {unknown}
 i - a potion of berserk rage {unknown}
 m - 2 potions of brilliance {unknown}
 o - a potion of invisibility {unknown}
Comestibles
 c - 2 rations


   Skills:
 + Level 5.2 Fighting
 + Level 7.5 Short Blades
 + Level 1.6 Armour
 + Level 4.8 Dodging
 + Level 3.5 Stealth


You had 6 spell levels left.
You didn't know any spells.
Your spell library was empty.

Dungeon Overview and Level Annotations

Branches:
Dungeon (5/15)             Temple (0/1) D:4

Altars:
Gozag
Qazlal


Innate Abilities, Weirdness & Mutations

You are small and have problems with some larger weapons.
You are carnivorous and can eat meat at any time.


Message History

Your life force feels restored.
The orc wizard hits you with a +0 dagger.
The orc wizard casts a spell.
The orc wizard blinks!
The orc barely misses you.
You hit the orc.
The orc is almost dead.
The orc wizard hits you but does no damage.
You barely miss the orc.
The orc is almost dead.
The orc priest closely misses you. The orc hits you.
* * * LOW HITPOINT WARNING * * *
The scorpion stings you!
* * * LOW HITPOINT WARNING * * *
You are lethally poisoned!
The scorpion poisons you!
It was a potion of magic.
Magic courses through your body.
* * * LOW HITPOINT WARNING * * *
You feel sick. The orc wizard misses you. The orc hits you but does no damage.
The scorpion stings you.
You die...

....##.###.#
######..###
#.........#.#
...
..##.##.#.#.#
.##. # #.#.#.##
. .. #......###
#.#...[..# ###
#.#......#
.....#o#......#
.......@o.....#
.....#oos.....#
...
..##........ .
.%.. #.#.##.###
..... #.#.# .#
..... ..... #
#### ....## .##


You could see a scorpion, an orc priest, 2 orc wizards and an orc.

Vanquished Creatures
  Sigmund (D:2)
  A phantom (D:3)
  Crazy Yiuf (D:3)
  A bullfrog skeleton (D:4)
  An iguana (D:5)
  Terence (D:2)
  A worker ant (D:3)
  5 gnolls
  4 adders
  An ooze (D:3)
  An adder skeleton (D:5)
  2 worms (D:2)
  3 dart slugs
  9 leopard geckos
  3 orcs
  6 giant cockroaches
  6 goblins
  10 hobgoblins
  4 jackals (D:3)
  8 kobolds
  6 quokkas
  2 ball pythons
  4 bats
  6 frilled lizards
  A jackal skeleton (D:4)
  A jackal zombie (D:5)
  9 rats
98 creatures vanquished.

Vanquished Creatures (others)
  A bat (D:2)
  A frilled lizard (D:2)
2 creatures vanquished.

Grand Total: 100 creatures vanquished

Notes
Turn   | Place    | Note
-------+----------+-------------------------------------------
     0 | D:1      | Borgoz the Kobold Berserker began the quest for the Orb.
     0 | D:1      | Reached XP level 1. HP: 14/14 MP: 1/1
    21 | D:1      | Reached XP level 2. HP: 2/19 MP: 2/2
   436 | D:1      | Reached XP level 3. HP: 11/24 MP: 3/3
   838 | D:1      | Reached ** piety under Trog
  1226 | D:2      | Noticed Terence
  1241 | D:2      | Killed Terence
  1241 | D:2      | Reached skill level 5 in Short Blades
  1241 | D:2      | Reached XP level 4. HP: 10/29 MP: 4/4
  1631 | D:2      | Reached skill level 1 in Stealth
  2204 | D:2      | Noticed Sigmund
  2218 | D:2      | Killed Sigmund
  2218 | D:2      | Reached skill level 6 in Short Blades
  2218 | D:2      | Reached XP level 5. HP: 34/34 MP: 5/5
  2218 | D:2      | Reached XP level 6. HP: 39/39 MP: 6/6
  3009 | D:3      | Found a runed door.
  3220 | D:3      | Reached *** piety under Trog
  3489 | D:3      | Reached XP level 7. HP: 42/44 MP: 7/7
  3708 | D:3      | Reached skill level 5 in Fighting
  3708 | D:3      | Reached skill level 7 in Short Blades
  4162 | D:3      | Noticed Crazy Yiuf
  4182 | D:3      | Killed Crazy Yiuf
  4645 | D:4      | Found an opulent altar of Gozag.
  4702 | D:4      | Found a staircase to the Ecumenical Temple.
  4812 | D:4      | Found a stormy altar of Qazlal.
  4988 | D:5      | Entered Level 5 of the Dungeon
  5099 | D:5      | Slain by a scorpion

Vault maps used:
D:1:      scummos_arrival_star, serial_forest, infiniplex_forest_lined_3,
          infiniplex_forest_zigzag_1, infiniplex_forest_clump_medium,
          infiniplex_forest_lined_2, minmay_misc_feat_enclosed
D:2:      lemuel_old_faithful, uniq_sigmund, uniq_terence
D:3:      chequers_serial_rivers_room_a, uniq_crazy_yiuf_cottage
D:4:      kennysheep_mini_moat, minmay_temple_entry_poolview,
          grunt_gozag_breadcrumbs
D:5:      led_sif_book, first_ration, st_stairs_1, lightli_corner_chamber,
          uniq_ijyb

Skill      XL: |  1  2  3  4  5  6  7 |
---------------+----------------------+-----
Fighting       | 4 5 |  5.2
Short Blades   | 5 6 7 |  7.5
Dodging        | 3 4 |  4.8
Stealth        | 2 3 |  3.5
Armour         | |  1.6

Action                   |  1- 3 |  4- 6 |  7- 9 || total
-------------------------+-------+-------+-------++-------
Melee: Short sword       |   116 |   229 |   128 ||   473
Invok: Berserk           |       |     2 |     1 ||     3
       Trog's Hand       |       |     2 |     1 ||     3
  Use: Potion            |       |       |     1 ||     1
 Stab: Sleeping          |     2 |     4 |     4 ||    10
  Eat: Chunk             |     9 |    10 |     3 ||    22
Armor: Animal skin       |    13 |    13 |     8 ||    34
Dodge: Dodged            |   106 |   153 |    79 ||   338

Table legend:
 A = Non-vault XP
 B = Vault XP
 C = Vault XP percentage of total XP
 D = Non-vault monster count
 E = Vault monster count
 F = Vault count percentage of total count
                 A         B        C        D         E       F
            +---------+---------+-------+---------+---------+-------
      Total |     519 |     298 |  36.5 |      95 |       3 |   3.1
            +---------+---------+-------+---------+---------+-------
        D:1 |      51 |       0 |   0.0 |      24 |       0 |   0.0
        D:2 |     121 |     256 |  67.9 |      28 |       2 |   6.7
        D:3 |     232 |      42 |  15.3 |      30 |       1 |   3.2
        D:4 |      67 |       0 |   0.0 |       9 |       0 |   0.0
        D:5 |      48 |       0 |   0.0 |       4 |       0 |   0.0
            +---------+---------+-------+---------+---------+-------
